 Dungeon Crawl Stone Soup version 0.30.1-9-gdf580d7c3d (webtiles) character file.

Game seed: 12924181442082266978

56 Cheops the Sneak (level 3, 0/28 HPs)
             Began as a Naga Fire Elementalist on Oct 14, 2023.
             Slain by a hound (5 damage)
             ... on level 3 of the Dungeon.
             The game lasted 00:04:04 (2226 turns).

Cheops the Sneak (Naga Fire Elementalist)           Turns: 2226, Time: 00:04:04

Health: 0/28       AC:  3    Str: 10    XL:     3   Next: 95%
Magic:  3/7        EV:  9    Int: 17    God:
Gold:   111        SH:  0    Dex: 11    Spells: 5/8 levels left

rFire   . . .        d - +0 dagger
rCold   . . .        o - orb {light}
rNeg    . . .        a - +0 robe
rPois   +            (no helmet)
rElec   .            c - +0 cloak
rCorr   .            (no gloves)
SInv    +            (no barding)
Will    .....        (no amulet)
Stlth   +            (no ring)
HPRegen 0.24/turn    (no ring)
MPRegen 0.10/turn

%: no passive effects
@: glowing, very slow
A: AC +1, large, see invisible, deformed body, poison resistance, slowness 2,
spit poison 1, naga tail 1
a: Spit Poison


You were on level 3 of the Dungeon.
You visited 1 branch of the dungeon, and saw 3 of its levels.

You collected 111 gold pieces.

Inventory:

Hand Weapons
 d - a +0 dagger (weapon)
Armour
 a - a +0 robe (worn)
 c - a +0 cloak (worn)
 o - an orb of light (worn)
Magical Staves
 n - a staff of air
Jewellery
 e - an amulet of faith
Scrolls
 g - 2 scrolls of identify {unknown}
 k - a scroll of immolation
 m - a scroll of teleportation {unknown}
Potions
 b - a potion of magic
 f - a potion of cancellation {unknown}
 h - a potion of degeneration {unknown}
 i - a potion of brilliance {unknown}
 j - a potion of invisibility {unknown}
 l - a potion of curing {unknown}


   Skills:
 - Level 1.5 Dodging
 - Level 3.0 Stealth
 - Level 3.0 Spellcasting
 + Level 2.7 Conjurations
 - Level 3.0 Fire Magic


You had 5 spell levels left.
You knew the following spells:

 Your Spells              Type           Power      Damage    Failure   Level
a - Foxfire               Conj/Fire      48%        2x1d6     5%          1
b - Scorch                Fire           24%        2d6       8%          2

Your spell library contained the following spells:

 Spells                   Type           Power      Damage    Failure   Level
 Inner Flame              Hex/Fire       7%         N/A       28%         3
 Volatile Blastmotes      Fire/Tloc      14%        2d11      28%         3
 Flame Wave               Conj/Fire      12%        2d6       47%         4


Dungeon Overview and Level Annotations

Branches:
Dungeon (3/15)

Altars:

Annotations:
D:2 1 runed translucent door, Crazy Yiuf


Innate Abilities, Weirdness & Mutations

Your serpentine skin is tough. (AC +1)
You have supernaturally acute eyesight. (SInv)
Armour fits poorly on your strangely shaped body.
Your system is resistant to poisons. (rPois)
You cover ground very slowly.
You can spit poison.
You have a snake-like lower body.


Message History

Found a spear.
Found a hand axe.
There is an open door here.
Found an escape hatch in the floor.
You open the door.
A gnoll and 2 hounds come into view.
The hound barks!
There are monsters nearby!
There are monsters nearby!
There are monsters nearby!
The hound bites the bush but does no damage.
The hound closely misses you.
Casting: Foxfire (safe; 5% risk of failure)
Confirm with . or Enter, or press ? or * to list all spells.
You conjure some foxfire!
The hound bites you. The hound bites you but does no damage.
The hound barely misses you.
Casting: Foxfire (safe; 5% risk of failure)
Confirm with . or Enter, or press ? or * to list all spells.
You conjure some foxfire!
The foxfire hits the hound.
The hound is moderately wounded.
The foxfire hits the hound.
The hound is moderately wounded.
The hound bites you. x2
Casting: Foxfire (safe; 5% risk of failure)
Confirm with . or Enter, or press ? or * to list all spells.
You conjure some foxfire!
The foxfire hits the hound.
The hound is moderately wounded.
The foxfire hits the hound.
The hound is moderately wounded.
The hound misses you. The hound barely misses you. The hound bites you. x2
Casting: Foxfire (safe; 5% risk of failure)
Confirm with . or Enter, or press ? or * to list all spells.
You conjure some foxfire!
The foxfire hits the gnoll.
The gnoll is heavily wounded.
The foxfire hits the gnoll.
The gnoll is heavily wounded.
The gnoll hits you with a +0 flail!
* * * LOW HITPOINT WARNING * * *
The hound barely misses you. The hound bites you.
You die...

##### #...+ ...#
#### ..+ #########
#..###'###.......#
#....P.P.........#
#....ghh.........#
#....)@..........+
##....§vv.....)...#
#....####.........#
#....# #.........#
#....# #.##'######
#....# #.#.....#
#....# #.#.....#
#>...# #.#.....#
+....# #.##'####


You could see 2 hounds and a gnoll (ally target).

Vanquished Creatures
  An adder (D:2)
  A dart slug (D:2)
  5 ball pythons
  3 endoplasms (D:1)
  4 giant cockroaches
  4 goblins
  3 hobgoblins
  4 jackals (D:1)
  3 bats (D:1)
  5 frilled lizards
  6 kobolds
  5 rats
44 creatures vanquished.

Vanquished Creatures (others)
  109 foxfires
109 creatures vanquished.

Grand Total: 153 creatures vanquished

Notes
Turn   | Place    | Note
-------+----------+-------------------------------------------
     0 | D:1      | Cheops the Naga Fire Elementalist began the quest for the
                  | Orb.
     0 | D:1      | Reached XP level 1. HP: 15/15 MP: 3/3
   283 | D:1      | Reached XP level 2. HP: 22/22 MP: 3/5
   568 | D:1      | Learned a level 2 spell: Scorch
   743 | D:1      | Reached XP level 3. HP: 28/28 MP: 1/7
   867 | D:1      | Found a faded altar of an unknown god.
  1903 | D:2      | Found a runed translucent door.
  1904 | D:2      | Noticed Crazy Yiuf
  2226 | D:3      | Slain by a hound

Illustrated notes

Levels and vault maps discovered:
D:1:      onia_arrival_mini_maze, layout_loops_cross,
          hellmonk_ecumenical_altar_blasted, minmay_pentomino_r2
D:2:      layout_loops_ring, uniq_crazy_yiuf_cottage
D:3:      layout_basic, cheibrodos_gnoll_hut

Skill      XL: |  1  2  3 |
---------------+----------+-----
Spellcasting   | 3 |  3.0
Conjurations   | 2 |  2.7
Dodging        | |  1.5
Stealth        | |  3.0
Fire Magic     | |  3.0

Action                     || total
---------------------------++-------
  Melee: Dagger            ||    13
         Unarmed           ||     1
   Cast: Foxfire           ||    63
Ability: Spit Poison       ||     2
 Armour: Robe              ||    14
  Dodge: Dodged            ||    24
